AAA EAST
MEMPHIS REDBIRDS @ DURHAM BULLS
04/12/2042
 
TOP OF THE 1ST
Memphis Redbirds batting - Pitching for Durham Bulls : LHP Alan Ames
Pitching: LHP Alan Ames
Batting: RHB António Valentín 0-0: Foul Ball, location: 9LDF
0-1: Ground out 5-3 (Groundball, 56, EV 90.0 MPH)
Batting: RHB Augusto Padilla 0-0: Foul Ball, location: 2F
0-1: Ground out 6-3 (Groundball, 6S, EV 73.1 MPH)
Batting: RHB Donnie Fields 0-0: Ball
1-0: Ball
2-0: Called Strike
2-1: Foul Ball, location: 2F
2-2: DOUBLE (Line Drive, 9LD, EV 109.4 MPH)
Batting: RHB Robbie Mayes 0-0: Ball
1-0: Ball
2-0: Called Strike
2-1: Ball
3-1: Base on Balls
Batting: LHB Sandy Briggs 0-0: Called Strike
0-1: Foul Ball, location: 9LSF
0-2: Fielders Choice at 2nd, 6-4 (Groundball, 6, EV 83.8 MPH)
Top of the 1st over - 0 runs, 1 hit, 0 errors, 2 left on base; Memphis 0 - Durham 0
BOTTOM OF THE 1ST
Durham Bulls batting - Pitching for Memphis Redbirds : RHP Steve Foster
Pitching: RHP Steve Foster
Batting: RHB Willie McCullough 0-0: Called Strike
0-1: Ball
1-1: Ball
2-1: Foul Ball, location: 2F
2-2: Foul Ball, location: 2F
2-2: Strikes out swinging
Batting: LHB Jon Moore 0-0: Ball
1-0: Ball
2-0: Swinging Strike
2-1: Foul Ball, location: 7LSF
2-2: Foul Ball, location: 5FF
2-2: Ball
3-2: SINGLE (Flyball, 78S, EV 89.4 MPH)
Batting: SHB Walt Howell 0-0: Ball
1-0: SINGLE (Line Drive, 56D, EV 96.3 MPH)
Jon Moore to second
Batting: LHB Ron Johns 0-0: Ball
1-0: Ball
2-0: Foul Ball, location: 2F
2-1: Foul Ball, location: 2F
2-2: Fielders Choice at 2nd, 2-4 (Groundball, 15S, EV 66.3 MPH)
Jon Moore to third
Batting: RHB Lou González 0-0: Ball
1-0: Called Strike
Ron Johns steals 2nd base
1-1: Swinging Strike
1-2: Foul Ball, location: 3F
1-2: Foul Ball, location: 9LDF
1-2: Strikes out looking
Bottom of the 1st over - 0 runs, 2 hits, 0 errors, 2 left on base; Memphis 0 - Durham 0
TOP OF THE 2ND
Memphis Redbirds batting - Pitching for Durham Bulls : LHP Alan Ames
Batting: RHB Tony Vance 0-0: Called Strike
0-1: Foul Ball, location: 9LSF
0-2: Foul Ball, location: 2F
0-2: Strikes out swinging
Batting: LHB Jared Gyll 0-0: Called Strike
0-1: Fly out, F8 (Flyball, 8RXD, EV 103.8 MPH)
Batting: RHB Greg Thompson 0-0: Called Strike
0-1: Ball
1-1: Foul Ball, location: 9LMFF
1-2: Ball
2-2: Fly out, F5 (Line Drive, 5, EV 70.6 MPH)
Top of the 2nd over - 0 runs, 0 hits, 0 errors, 0 left on base; Memphis 0 - Durham 0
BOTTOM OF THE 2ND
Durham Bulls batting - Pitching for Memphis Redbirds : RHP Steve Foster
Batting: LHB Don Bailey 0-0: Called Strike
0-1: Foul Ball, location: 25F
0-2: Ball
1-2: Ball
2-2: Ball
3-2: Strikes out swinging
Batting: RHB Oliver Gallego 0-0: Ball
1-0: Ground out 5-3 (Groundball, 56, EV 103.1 MPH)
Batting: RHB Cristián Baudillo 0-0: Ball
1-0: Ball
2-0: Called Strike
2-1: Called Strike
2-2: Strikes out swinging
Bottom of the 2nd over - 0 runs, 0 hits, 0 errors, 0 left on base; Memphis 0 - Durham 0
TOP OF THE 3RD
Memphis Redbirds batting - Pitching for Durham Bulls : LHP Alan Ames
Batting: RHB Raúl Mora 0-0: Ball
1-0: Called Strike
1-1: Swinging Strike
1-2: Strikes out swinging
Batting: RHB António Valentín 0-0: Called Strike
0-1: Called Strike
0-2: Ball
1-2: SOLO HOME RUN (Line Drive, 7D, EV 101.3 MPH), Distance : 375 ft
Batting: RHB Augusto Padilla 0-0: Ball
1-0: Ball
2-0: Called Strike
2-1: Swinging Strike
2-2: Foul Ball, location: 9LSF
2-2: Foul Ball, location: 9LDF
2-2: Foul Ball, location: 9LMF
2-2: Strikes out swinging
Batting: RHB Donnie Fields 0-0: Ball
1-0: Ball
2-0: Ball
3-0: Called Strike
3-1: Swinging Strike
3-2: Base on Balls
Batting: RHB Robbie Mayes 0-0: Swinging Strike
0-1: Swinging Strike
0-2: 2-RUN HOME RUN (Flyball, 78XD, EV 100.6 MPH), Distance : 406 ft
Batting: LHB Sandy Briggs 0-0: SINGLE (Groundball, 4D, EV 101.9 MPH)
Batting: RHB Tony Vance 0-0: Ball
Wild Pitch!
Sandy Briggs to second
1-0: Ball
2-0: Foul Ball, location: 2F
2-1: Foul Ball, location: 3SF
2-2: Ground out 5-3 (Groundball, 56, EV 107.5 MPH)
Top of the 3rd over - 3 runs, 3 hits, 0 errors, 1 left on base; Memphis 3 - Durham 0
BOTTOM OF THE 3RD
Durham Bulls batting - Pitching for Memphis Redbirds : RHP Steve Foster
Batting: LHB Chris Lawson 0-0: Ball
1-0: Ball
2-0: Foul Ball, location: 7LSF
2-1: Fly out, F9 (Flyball, 9S, EV 80.6 MPH)
Batting: RHB Willie McCullough 0-0: Foul Ball, location: 2F
0-1: Ground out 4-3 (Groundball, 4, EV 88.1 MPH)
Batting: LHB Jon Moore 0-0: Called Strike
0-1: Ground out 5-3 (Groundball, 56, EV 103.8 MPH)
Bottom of the 3rd over - 0 runs, 0 hits, 0 errors, 0 left on base; Memphis 3 - Durham 0
TOP OF THE 4TH
Memphis Redbirds batting - Pitching for Durham Bulls : LHP Alan Ames
Batting: LHB Jared Gyll 0-0: SINGLE (Line Drive, 6D, EV 96.9 MPH)
Batting: RHB Greg Thompson 0-0: Sac Bunt to 23 - play at first, batter safe!
Jared Gyll to second
Batting: RHB Raúl Mora 0-0: Ball
1-0: Sac Bunt to 15 - play at first, batter OUT! 1-4
Jared Gyll to third
Greg Thompson to second
Batting: RHB António Valentín 0-0: Called Strike
0-1: Ground out 1-3 (Groundball, 34S, EV 59.4 MPH)
Batting: RHB Augusto Padilla 0-0: Ball
1-0: Ball
2-0: Ball
3-0: Called Strike
3-1: Called Strike
3-2: Ground out 6-3 (Groundball, 6M, EV 78.1 MPH)
Top of the 4th over - 0 runs, 2 hits, 0 errors, 2 left on base; Memphis 3 - Durham 0
BOTTOM OF THE 4TH
Durham Bulls batting - Pitching for Memphis Redbirds : RHP Steve Foster
Batting: SHB Walt Howell 0-0: Called Strike
0-1: Ball
1-1: Swinging Strike
1-2: Strikes out swinging
Batting: LHB Ron Johns 0-0: Ball
1-0: Ball
2-0: Called Strike
2-1: Foul Ball, location: 2F
2-2: Ball
3-2: Base on Balls
Batting: RHB Lou González 0-0: Ball
1-0: Fly out, F4 (Popup, 4MS, EV 80.6 MPH)
Batting: LHB Don Bailey 0-0: Fly out, F9 (Flyball, 9, EV 82.5 MPH)
Bottom of the 4th over - 0 runs, 0 hits, 0 errors, 1 left on base; Memphis 3 - Durham 0
TOP OF THE 5TH
Memphis Redbirds batting - Pitching for Durham Bulls : LHP Alan Ames
Batting: RHB Donnie Fields 0-0: Ball
1-0: Swinging Strike
1-1: Ball
2-1: Called Strike
2-2: Ball
3-2: Base on Balls
Batting: RHB Robbie Mayes 0-0: Ball
1-0: Called Strike
1-1: Ball
2-1: Ball
3-1: Swinging Strike
3-2: Base on Balls
Donnie Fields to second
Batting: LHB Sandy Briggs 0-0: Ball
1-0: Foul Ball, location: 7LMF
1-1: Swinging Strike
1-2: Strikes out swinging
Batting: RHB Tony Vance 0-0: Called Strike
0-1: Swinging Strike
0-2: Strikes out swinging
Batting: LHB Jared Gyll 0-0: Fly out, F4 (Popup, 34, EV 74.4 MPH)
Top of the 5th over - 0 runs, 0 hits, 0 errors, 2 left on base; Memphis 3 - Durham 0
BOTTOM OF THE 5TH
Durham Bulls batting - Pitching for Memphis Redbirds : RHP Steve Foster
Batting: RHB Oliver Gallego 0-0: Foul Ball, location: 25FF
0-1: DOUBLE (Line Drive, 5D, EV 100.0 MPH)
Batting: RHB Cristián Baudillo 0-0: Foul Ball, location: 25F
0-1: Ball
1-1: Called Strike
1-2: Ball
2-2: Foul Ball, location: 9LMF
2-2: Ball
3-2: Base on Balls
Batting: LHB Chris Lawson 0-0: Sac Bunt to 25 - play at first, batter OUT! 5-3
Oliver Gallego to third
Cristián Baudillo to second
Batting: RHB Willie McCullough 0-0: Ball
1-0: Ball
2-0: Ball
3-0: Called Strike
3-1: Foul Ball, location: 2LF
3-2: Ground out U3 (Groundball, 3, EV 106.3 MPH)
Batting: LHB Jon Moore 0-0: Ball
1-0: Called Strike
1-1: Ground out U3 (Groundball, 13, EV 87.5 MPH)
Bottom of the 5th over - 0 runs, 1 hit, 0 errors, 2 left on base; Memphis 3 - Durham 0
TOP OF THE 6TH
Memphis Redbirds batting - Pitching for Durham Bulls : LHP Alan Ames
Batting: RHB Greg Thompson 0-0: Ball
1-0: Foul Ball, location: 3SF
1-1: Ball
2-1: Ball
3-1: Base on Balls
Batting: RHB Raúl Mora 0-0: Ball
1-0: Sac Bunt to 3S - play at first, batter OUT! 3-4
Greg Thompson to second
Batting: RHB António Valentín 0-0: Called Strike
0-1: Ball
1-1: Called Strike
Greg Thompson steals 3rd base
1-2: SINGLE (Groundball, 4MD, EV 80.0 MPH) (infield hit)
Greg Thompson scores
Pitching: RHP Albert Pérez
Batting: RHB Augusto Padilla 0-0: Ball
1-0: Called Strike
1-1: Foul Ball, location: 3SF
1-2: DOUBLE (Line Drive, 78D, EV 101.3 MPH)
António Valentín to third
Runner from 3rd tries for Home, throw by LF and OUT! 7-6-2
Augusto Padilla to third
Batting: RHB Donnie Fields 0-0: Ball
1-0: Called Strike
1-1: Foul Ball, location: 5DF
1-2: Foul Ball, location: 9LMF
1-2: Foul Ball, location: 25F
1-2: 2-RUN HOME RUN (Line Drive, 7D, EV 100.0 MPH), Distance : 373 ft
Batting: RHB Robbie Mayes 0-0: Foul Ball, location: 2F
0-1: Ball
1-1: Ball
2-1: DOUBLE (Flyball, 78D, EV 93.1 MPH)
Batting: LHB Sandy Briggs 0-0: Foul Ball, location: 2F
0-1: Swinging Strike
0-2: Ground out 3-1 (Groundball, 34, EV 91.3 MPH)
Top of the 6th over - 3 runs, 4 hits, 0 errors, 1 left on base; Memphis 6 - Durham 0
BOTTOM OF THE 6TH
Durham Bulls batting - Pitching for Memphis Redbirds : RHP Steve Foster
Batting: SHB Walt Howell 0-0: Called Strike
0-1: Swinging Strike
0-2: Fly out, F5 (Popup, 5SF, EV 86.9 MPH)
Batting: LHB Ron Johns 0-0: Called Strike
0-1: Ball
1-1: Foul Ball, location: 9LMFF
1-2: Ball
2-2: Ball
3-2: Fly out, F5 (Popup, 5, EV 63.8 MPH)
Batting: RHB Lou González 0-0: Ball
1-0: Called Strike
1-1: Called Strike
1-2: Strikes out swinging
Bottom of the 6th over - 0 runs, 0 hits, 0 errors, 0 left on base; Memphis 6 - Durham 0
TOP OF THE 7TH
Memphis Redbirds batting - Pitching for Durham Bulls : RHP Albert Pérez
Batting: RHB Tony Vance 0-0: DOUBLE (Flyball, 8RXD, EV 102.5 MPH)
Batting: LHB Jared Gyll 0-0: Called Strike
0-1: Ball
Wild Pitch!
Tony Vance to third
1-1: Called Strike
1-2: Ball
2-2: Strikes out swinging
Batting: RHB Greg Thompson 0-0: Ball
1-0: SINGLE (Line Drive, 3L, EV 103.1 MPH)
Tony Vance scores
Batting: RHB Raúl Mora 0-0: Ball
1-0: Ball
2-0: Called Strike
2-1: Ball
3-1: Base on Balls
Greg Thompson to second
Batting: RHB António Valentín 0-0: Ball
1-0: Grounds into double play, 6-4-3 (Groundball, 6, EV 86.9 MPH)
Top of the 7th over - 1 run, 2 hits, 0 errors, 1 left on base; Memphis 7 - Durham 0
BOTTOM OF THE 7TH
Durham Bulls batting - Pitching for Memphis Redbirds : RHP Steve Foster
Pinch Hitting: LHB Joe Buchanan 0-0: Ball
1-0: Ball
2-0: Foul Ball, location: 2F
2-1: Foul Ball, location: 2F
2-2: Ball
3-2: Base on Balls
Batting: RHB Oliver Gallego 0-0: Ball
1-0: DOUBLE (Line Drive, 89D, EV 105.6 MPH)
Joe Buchanan to third
Runner from 3rd tries for Home, SAFE, throw by CF to trailing runner, SAFE at third!
Batting: RHB Cristián Baudillo 0-0: Ball
1-0: Called Strike
1-1: Swinging Strike
1-2: Ball
2-2: Foul Ball, location: 23F
2-2: Strikes out swinging
Batting: LHB Chris Lawson 0-0: Ball
1-0: Called Strike
1-1: Ball
2-1: Called Strike
2-2: Strikes out looking
Batting: RHB Willie McCullough 0-0: Ground out 1-3 (Groundball, 15S, EV 70.0 MPH)
Bottom of the 7th over - 1 run, 1 hit, 0 errors, 1 left on base; Memphis 7 - Durham 1
TOP OF THE 8TH
Memphis Redbirds batting - Pitching for Durham Bulls : RHP Albert Pérez
Now at 1B: Jeremiah Taylor
Batting: RHB Augusto Padilla 0-0: Swinging Strike
0-1: Swinging Strike
0-2: Ball
1-2: Fly out, F7 (Flyball, 78S, EV 95.6 MPH)
Batting: RHB Donnie Fields 0-0: Swinging Strike
0-1: Ball
1-1: SOLO HOME RUN (Flyball, 7LD, EV 97.5 MPH), Distance : 351 ft
Pitching: LHP Ben Grundy
Batting: RHB Robbie Mayes 0-0: Ball
1-0: Ball
2-0: SINGLE (Flyball, 8LS, EV 95.6 MPH)
Batting: LHB Sandy Briggs 0-0: Ball
1-0: Ball
2-0: Ball
Wild Pitch!
Robbie Mayes to second
3-0: Base on Balls
Batting: RHB Tony Vance 0-0: Called Strike
0-1: Ball
1-1: Foul Ball, location: 2F
1-2: Foul Ball, location: 3SF
1-2: Ball
2-2: Ball
3-2: Foul Ball, location: 2F
3-2: Grounds into double play, 5-4-3 (Groundball, 56, EV 99.4 MPH)
Top of the 8th over - 1 run, 2 hits, 0 errors, 1 left on base; Memphis 8 - Durham 1
BOTTOM OF THE 8TH
Durham Bulls batting - Pitching for Memphis Redbirds : RHP Steve Foster
Pinch Hitting: LHB Dan Hardy 0-0: Fly out, F8 (Flyball, 8RD, EV 104.4 MPH)
Batting: SHB Walt Howell 0-0: Ball
1-0: Foul Ball, location: 5F
1-1: Foul Ball, location: 2F
1-2: Ball
2-2: Ball
3-2: Base on Balls
Pitching: RHP Juan Ramos
Batting: LHB Ron Johns 0-0: Ball
1-0: Ball
2-0: Ball
3-0: Base on Balls
Walt Howell to second
Pinch Hitting: LHB Heriberto Mellane 0-0: Called Strike
0-1: Ball
1-1: Ball
2-1: Ball
3-1: Fly out, F8 (Flyball, 8RM, EV 90.6 MPH)
Batting: SHB Jeremiah Taylor 0-0: Ball
1-0: Foul Ball, location: 2F
1-1: Foul Ball, location: 2F
1-2: SINGLE (Groundball, 34D, EV 102.5 MPH)
Walt Howell to third
Ron Johns to second
Runner from 3rd tries for Home, SAFE, throw by RF to home
Batting: RHB Oliver Gallego 0-0: Called Strike
0-1: Foul Ball, location: 23F
0-2: Ball
1-2: Strikes out swinging
Bottom of the 8th over - 1 run, 1 hit, 0 errors, 2 left on base; Memphis 8 - Durham 2
TOP OF THE 9TH
Memphis Redbirds batting - Pitching for Durham Bulls : LHP Ben Grundy
Now in LF: Heriberto Mellane
Now in RF: Dan Hardy
Batting: LHB Jared Gyll 0-0: Called Strike
0-1: Called Strike
0-2: Foul Ball, location: 2F
0-2: TRIPLE (Flyball, 89XD, EV 102.5 MPH)
Batting: RHB Greg Thompson 0-0: Called Strike
0-1: Ball
1-1: Ground out 4-3 (Groundball, 34, EV 83.8 MPH)
Jared Gyll scores
Pinch Hitting: RHB Sergio Ruíz 0-0: Ball
1-0: Foul Ball, location: 9LMF
1-1: Ball
2-1: Ball
3-1: Base on Balls
Batting: RHB António Valentín 0-0: Called Strike
0-1: Ball
1-1: Swinging Strike
1-2: Strikes out swinging
Batting: RHB Augusto Padilla 0-0: Ball
1-0: Called Strike
1-1: Swinging Strike
1-2: Strikes out swinging
Top of the 9th over - 1 run, 1 hit, 0 errors, 1 left on base; Memphis 9 - Durham 2
BOTTOM OF THE 9TH
Durham Bulls batting - Pitching for Memphis Redbirds : RHP Juan Ramos
Now at C: Sergio Ruíz
Batting: RHB Cristián Baudillo 0-0: Ball
1-0: Foul Ball, location: 2F
1-1: Ground out U3 (Groundball, 34, EV 103.1 MPH)
Batting: LHB Chris Lawson 0-0: Called Strike
0-1: Ball
1-1: Ball
2-1: Swinging Strike
2-2: Foul Ball, location: 3SF
2-2: Ball
3-2: SINGLE (Line Drive, 6MD, EV 99.4 MPH)
Batting: RHB Willie McCullough 0-0: Ball
1-0: Grounds into double play, 4-6-3 (Groundball, 4, EV 82.5 MPH)
Bottom of the 9th over - 0 runs, 1 hit, 0 errors, 0 left on base; Memphis 9 - Durham 2
Wednesday, May 1st , 2024 - OOTP Baseball 24.10 Build 82